 Dungeon Crawl Stone Soup version 0.26-a0-651-gb41185065b (webtiles) character file.

Game seed: 1758191420924013438

5063 Lanoc the Prestidigitator (level 10, -2/48 HPs)
             Began as a Tengu Artificer on Oct 27, 2020.
             Was an Initiate of Gozag.
             Slain by a deep elf elementalist
             ... wielding a +0 rapier
              (4 damage)
             ... on level 2 of the Abyss.
             The game lasted 00:19:05 (9273 turns).

Lanoc the Prestidigitator (Tengu Artificer)         Turns: 9273, Time: 00:19:05

Health: -2/48      AC: 13    Str: 13    XL:     10   Next: 56%
Magic:  0/11       EV: 15    Int: 11    God:    Gozag
Gold:   1399       SH:  4    Dex: 14    Spells: 9/9 levels left

rFire    . . .     SeeInvis .   i - +5 scimitar (freeze)
rCold    + . .     Faith    .   t - +0 buckler
rNeg     . . .     Spirit   +   c - +4 scale mail of the Beginning {rC+ Dex-4 Slay+2}
rPois    .         Reflect  .   (helmet restricted)
rElec    .         Harm     .   j - +0 cloak
rCorr    .         Rampage  .   (no gloves)
MR       .....     Rnd*Rage +   (boots unavailable) Stlth ..........Rnd*Tele +
                                e - amulet of guardian spirit
HPRegen  0.00/turn              (no ring)
MPRegen  0.12/turn              (no ring)

@: about to teleport, flying quickly and evasively, studying Armour, quick
A: beak, talons 3, [berserk 2], [frail 2], screaming 1[+2], [inhibited
regeneration], [teleportitis 3], wild magic 1, [no potion heal 2], [subdued
magic 2], able to fly
a: Stop Flying, Potion Petition, Call Merchant, Bribe Branch, Renounce Religion


You were on level 2 of the Abyss.
You worshipped Gozag.
Gozag was most pleased with you.
You visited 2 branches of the dungeon, and saw 9 of its levels.
You visited the Abyss 1 time.
You also visited: Bailey.

You collected 1820 gold pieces.
You paid 421 gold pieces to Gozag.

Inventory:

Hand Weapons
 i - a +5 scimitar of freezing (weapon)
Missiles
 a - 35 boomerangs (quivered)
Armour
 c - the +4 scale mail of the Beginning (worn) {rC+ Dex-4 Slay+2}
   (You took it off an orc in a bailey)

   It affects your dexterity (-4).
   It affects your accuracy and damage with ranged weapons and melee attacks
   (+2).
   It protects you from cold.
 j - a +0 cloak (worn)
 t - a +0 buckler (worn)
Jewellery
 e - an amulet of guardian spirit (around neck)
Wands
 d - a wand of enslavement (3)
 k - a wand of polymorph (7)
 l - a wand of digging (9)
 n - a wand of iceblast (13)
 q - a wand of flame (16)
 w - a wand of paralysis (7)
Scrolls
 b - 5 scrolls of remove curse
 f - 2 scrolls of teleportation
 h - 2 scrolls of immolation
 v - 3 scrolls of magic mapping
Potions
 o - a potion of cancellation
 p - a potion of haste
 u - a potion of curing
Books
 x - a manual of Armour


   Skills:
 + Level 6.8 Fighting
 + Level 7.9 Armour
 + Level 7.5 Dodging
 - Level 1.0 Stealth
 + Level 1.4 Shields
 * Level 10.1 Evocations


You had 9 spell levels left.
You didn't know any spells.
Your spell library contained the following spells:

 Spells                   Type           Power        Failure   Level
 Beastly Appendage        Tmut           #.....       88%         1
 Magic Dart               Conj           #...         88%         1
 Blink                    Tloc           N/A          96%         2
 Call Imp                 Summ           #.......     96%         2
 Slow                     Hex            #.......     96%         2
 Wereblood                Tmut           #.......     96%         2
 Conjure Flame            Conj/Fire      #.......     99%         3
 Mephitic Cloud           Conj/Pois/Air  #.......     99%         3
 Spider Form              Tmut/Pois      #.........   99%         3
 Ice Form                 Ice/Tmut       #.......     100%        4
 Blade Hands              Tmut           #.........   100%        5


Dungeon Overview and Level Annotations

Branches:
Dungeon (8/15)             Temple (1/1) D:6          Bailey (visited)
   Lair: D:8-11

Altars:
Fedhas
Gozag
Hepliaklqana
Kikubaaqudgha
Makhleb
Okawaru
Sif Muna
Trog
Uskayaw
Vehumet
Zin

Shops:
D:4 (   D:6 :

Annotations:
D:7 5 runed translucent doors, p0werm0de's ghost, novice DgFi
D:8 Psyche


Innate Abilities, Weirdness & Mutations

You have a beak for a mouth.
You have claws for feet.
You can fly continuously.
Your spells are a little harder to cast, but a little more powerful.
[You often lose your temper in combat.]
[You are very frail. (-20% HP)]
[You frequently scream uncontrollably at your foes.]
[You do not regenerate when monsters are visible.]
[You are often teleported next to monsters.]
[Potions are poor at restoring your health.]
[Your spells are easier to cast, but less powerful.]


Message History

As you read the scroll of teleportation, it crumbles to dust.
You feel strangely unstable.
You feel the power of the Abyss delaying your translocation!
A small abomination comes into view.
The deep elf elementalist points at you and mumbles some strange words.
The freezing blast misses you.
As you read the scroll of fear, it crumbles to dust.
You assume a fearsome visage.
The small abomination is unaffected.
The eye of draining looks frightened!
The deep elf elementalist easily resists.
The large abomination is unaffected.
You are engulfed in freezing vapours.
You resist.
* * * LOW HITPOINT WARNING * * *
You slash the deep elf elementalist! You freeze the deep elf elementalist.
Your kick misses the deep elf elementalist.
Your peck misses the deep elf elementalist.
The deep elf elementalist is lightly wounded.
The deep elf elementalist hits you with a +0 rapier.
You die...
Your body crumbles into a pile of gold.

.. # . #. .#
## ###.
.......
#..#.#. ..#..3
...... .#....#
#....###...#..
#..○#°@e#○
..##.#
#○°°##..3# ..
#○#°○#○#.## #.
#○°.#☼## .x
#.#..$..# .#
##...$..# # .
..G##X.##. ##
##.#.#.. ...#
.X.#.###
#.#...#


You could see a deep elf elementalist (repels missiles), a ynoxinul and a small
abomination.

Vanquished Creatures
  Pikel (D:7)
  An orc knight (Bailey)
  A ynoxinul (Abyss:2)
  Eustachio (D:6)
  Menkaure (D:5)
  Edmund (D:5)
  A water moccasin (D:7)
  5 orc warriors
  An ice beast (D:8)
  A black bear (D:6)
  A phantom (D:6)
  A necrophage (D:7)
  A sky beast (D:6)
  5 ogres
  2 centaurs
  5 bullfrogs
  3 small abominations (Abyss:2)
  A water moccasin skeleton (D:6)
  3 wights
  3 electric eels (D:5)
  An iron imp (Abyss:2)
  2 jellies
  8 orc wizards
  Crazy Yiuf (D:6)
  2 orc priests (D:8)
  A bullfrog skeleton (D:5)
  A centaur skeleton (D:7)
  3 hounds
  6 worker ants
  A killer bee zombie (D:8)
  A hound skeleton (D:7)
  Robin (D:4)
  3 gnolls (Bailey)
  7 adders
  5 shadow imps
  3 white imps
  An ufetubus (D:6)
  An ooze (D:5)
  2 adder skeletons
  A dart slug (D:3)
  4 leopard geckos
  25 orcs
  A bat (D:3)
  17 goblins
  14 hobgoblins
  12 jackals
  2 quokkas
  6 frilled lizards
  24 kobolds
  2 quokka zombies (D:7)
  2 rats
199 creatures vanquished.

Vanquished Creatures (collateral kills)
  An orc warrior (Bailey)
  A lemure (D:7)
  2 goblins
  A jackal (D:7)
5 creatures vanquished.

Vanquished Creatures (others)
  An orc knight (Bailey)
  An ice beast (D:7)
  A crocodile (D:7)
  A goblin (D:4)
  4 plants
8 creatures vanquished.

Grand Total: 212 creatures vanquished

Notes
Turn   | Place    | Note
-------+----------+-------------------------------------------
     0 | D:1      | Lanoc the Tengu Artificer began the quest for the Orb.
     0 | D:1      | Reached XP level 1. HP: 12/12 MP: 2/2
   339 | D:2      | Reached XP level 2. HP: 16/16 MP: 3/3
   580 | D:3      | Reached XP level 3. HP: 9/21 MP: 4/4
   855 | D:3      | Reached XP level 4. HP: 23/26 MP: 5/5
   989 | D:3      | Reached skill level 4 in Evocations
  1308 | D:3      | Gained mutation: You can fly continuously. [Tengu growth]
  1308 | D:3      | Reached XP level 5. HP: 26/30 MP: 6/6
  1767 | D:3      | Found a hide-covered altar of Uskayaw.
  2502 | D:4      | Noticed Robin
  2518 | D:4      | Reached XP level 6. HP: 26/36 MP: 7/7
  2536 | D:4      | Killed Robin
  2838 | D:4      | Reached skill level 5 in Evocations
  2894 | D:4      | Found a shimmering blue altar of Sif Muna.
  3049 | D:4      | Found Bolinom's Antique Weapon Shop.
  3187 | D:5      | Entered Level 5 of the Dungeon
  3216 | D:5      | Found a hazy altar of Hepliaklqana.
  3238 | D:5      | Noticed Edmund
  3298 | D:5      | Killed Edmund
  3298 | D:5      | Reached XP level 7. HP: 18/41 MP: 5/8
  3533 | D:5      | Noticed Menkaure
  3539 | D:5      | Killed Menkaure
  3872 | D:5      | You are sucked into a shaft and drop 2 floors!
  3872 | D:7      | Found a radiant altar of Vehumet.
  3881 | D:7      | Gained mutation: [You occasionally shout uncontrollably at
                  | your foes.] [potion of mutation]
  3881 | D:7      | Gained mutation: Your spells are a little harder to cast,
                  | but a little more powerful. [potion of mutation]
  3896 | D:7      | Found an opulent altar of Gozag.
  3919 | D:7      | HP: 1/41 [ice beast (7)]
  3964 | D:7      | Noticed p0werm0de's ghost (novice DgFi)
  3971 | D:7      | Found a runed translucent door.
  3991 | D:7      | Reached skill level 6 in Evocations
  4008 | D:7      | HP: 1/42 [worker ant (3)]
  4148 | D:7      | Found a flagged portal.
  4159 | Bailey   | Entered a bailey
  4941 | Bailey   | Noticed an orc knight
  4970 | Bailey   | Noticed an orc knight
  5027 | Bailey   | Reached XP level 8. HP: 48/48 MP: 9/9
  5082 | Bailey   | Reached skill level 5 in Armour
  5103 | Bailey   | Identified the +4 scale mail of the Beginning {rC+ Dex-4
                  | Slay+2}
  5254 | Bailey   | Killed an orc knight
  5254 | Bailey   | Reached skill level 5 in Dodging
  5254 | Bailey   | Reached skill level 7 in Evocations
  5388 | Bailey   | Reached XP level 9. HP: 53/53 MP: 10/10
  5485 | D:7      | Reached skill level 5 in Fighting
  5657 | D:7      | Noticed Pikel
  5670 | D:7      | Killed Pikel
  5670 | D:7      | Reached skill level 8 in Evocations
  5906 | D:7      | Became a worshipper of Gozag Ym Sagoz the Greedy
  5987 | D:7      | Found a huge runed translucent gate.
  5987 | D:7      | Found a huge runed translucent gate.
  5987 | D:7      | Found a huge runed translucent gate.
  5987 | D:7      | Found a huge runed translucent gate.
  5987 | D:7      | Noticed a death yak
  5988 | D:7      | Noticed a polar bear
  6060 | D:7      | Found a glowing silver altar of Zin.
  6204 | D:7      | Found a burning altar of Makhleb.
  6853 | D:6      | Reached skill level 9 in Evocations
  6860 | D:6      | Noticed Eustachio
  6875 | D:6      | Killed Eustachio
  6875 | D:6      | Reached XP level 10. HP: 50/60 MP: 11/11
  6989 | D:6      | Found an iron altar of Okawaru.
  7065 | D:6      | Found Umiadul's Book Emporium.
  7119 | D:6      | Found a staircase to the Ecumenical Temple.
  7130 | Temple   | Entered the Ecumenical Temple
  7262 | D:6      | Found a runed translucent door.
  7263 | D:6      | Noticed Crazy Yiuf
  7267 | D:6      | Killed Crazy Yiuf
  7393 | D:5      | Found a transporter.
  7670 | D:5      | Found a transporter.
  8915 | D:8      | Found a blossoming altar of Fedhas.
  8916 | D:8      | Noticed Psyche
  8921 | D:8      | Cast into level 2 of the Abyss (Psyche)
  8934 | Abyss:2  | Noticed a large abomination
  8979 | Abyss:2  | Noticed a worldbinder
  8990 | Abyss:2  | Noticed a deep elf mage
  8990 | Abyss:2  | Noticed a deep elf mage
  8990 | Abyss:2  | Noticed a deep elf knight
  8990 | Abyss:2  | Noticed a large abomination
  9020 | Abyss:2  | Identified a scroll of acquirement
  9021 | Abyss:2  | Acquired a manual of Armour
  9039 | Abyss:2  | Reached skill level 1 in Shields
  9051 | Abyss:2  | Noticed an orange demon
  9054 | Abyss:2  | Noticed a wretched star
  9057 | Abyss:2  | Reached skill level 10 in Evocations
  9077 | Abyss:2  | Noticed a bone dragon
  9103 | Abyss:2  | Noticed a rakshasa
  9262 | Abyss:2  | HP: 2/48 [small abomination (9)]
  9266 | Abyss:2  | Noticed a deep elf elementalist
  9271 | Abyss:2  | HP: 2/48 [deep elf elementalist] (5)]
  9273 | Abyss:2  | Slain by a deep elf elementalist

Illustrated notes

Levels and vault maps discovered:
D:1:      wander_arrival_abandoned_jail, layout_basic
D:2:      kennysheep_big_flooded_room, layout_basic,
          nicolae_overflow_crystal_walls
D:3:      layout_loops_cross, lemuel_doored_altar
D:4:      corexii_shack_village, layout_basic, lemuel_blue_sif_altar,
          serial_shops, nicolae_shop_behind_doors, minmay_misc_feat_room,
          uniq_robin
D:5:      gammafunk_steamed_eel, layout_basic, kennysheep_mini_moat,
          uniq_menkaure, uniq_edmund
D:6:      layout_cave_pools, kennysheep_okawaru_gauntlet,
          minmay_temple_entry_wispy, serial_shops, shop_fountains,
          uniq_eustachio, uniq_crazy_yiuf_cottage
D:7:      lemuel_bear_cage, layout_loops_ring, lemuel_round_altar,
          nicolae_gozag_seed_capital, makhleb_blood_cavern_becter, zin_treasury,
          enter_bailey_3, hellmonk_ghost_happy_afterlife, uniq_pikel
D:8:      layout_gridville, fedhas_altar_1, nrook_pool_corridor,
          serial_park_tiny_1, uniq_psyche
Temple:   dpeg_chambers_temple
Abyss:2:  base: D:13, hangedman_steaming_rock, hangedman_eye_storm,
          hangedman_eye_storm, evilmike_abyss_exit_4, evilmike_abyss_exit_4,
          hangedman_abyss_monster_moat

Skill      XL: |  1  2  3  4  5  6  7  8  9 10 |
---------------+-------------------------------+-----
Dodging        | 2 3 4 5 6 7 |  7.5
Fighting       | 2 3 4 6 |  6.8
Evocations     | 4 5 6 7 9 10 | 10.1
Armour         | 3 4 5 7 |  7.9
Shields        | 1 |  1.4
Stealth        | |  1.0

Action                   |  1- 3 |  4- 6 |  7- 9 | 10-12 || total
-------------------------+-------+-------+-------+-------++-------
Melee: Spear             |    50 |     1 |       |       ||    51
       Club              |     9 |       |       |       ||     9
       Kick              |    11 |    26 |    42 |    37 ||   116
       Peck              |     8 |    20 |    27 |    29 ||    84
       Quarterstaff      |       |    28 |       |       ||    28
       Mace              |       |    95 |   126 |       ||   221
       Scimitar          |       |       |    39 |   118 ||   157
Throw: Boomerang         |       |       |   503 |       ||   503
 Abil: Fly               |       |     1 |       |       ||     1
Evoke: Wand              |    12 |    20 |     9 |     6 ||    47
  Use: Scroll            |       |       |     9 |    11 ||    20
       Potion            |       |       |     1 |     3 ||     4
 Stab: Paralysed         |     2 |     8 |       |       ||    10
       Sleeping          |     1 |     4 |     1 |       ||     6
       Distracted        |       |     1 |     1 |       ||     2
Armor: Leather armour    |    12 |    26 |    17 |       ||    55
       Scale mail        |       |       |    40 |    71 ||   111
Dodge: Dodged            |    27 |   123 |   277 |   131 ||   558
Block: Buckler           |       |       |       |    23 ||    23
       Rpst.: Scimitar   |       |       |     9 |    32 ||    41

Table legend: (Time is in decaauts)
 A = Elapsed time spent in this place.
 B = Non-inter-level travel time spent in this place.
 C = Inter-level travel time spent in this place.
 D = Time resting spent in this place.
 E = Time spent auto-exploring this place.
 F = Levels seen in this place.
 G = Mean time per level.
                   A        B        C        D        E       F      G
               +--------+--------+--------+--------+--------+-----+--------+
         Total |   9231 |   9048 |    183 |    825 |   5799 |  11 |  839.2 |
       Dungeon |   7422 |   7239 |    183 |    457 |   5453 |   8 |  927.8 |
        Temple |      1 |      1 |      0 |      0 |      0 |   1 |    1.0 |
         Abyss |    338 |    338 |      0 |      0 |     77 |   1 |  338.0 |
        Bailey |   1468 |   1468 |      0 |    368 |    269 |   1 | 1468.0 |
               +--------+--------+--------+--------+--------+-----+--------+

Top non-repeatable levels by time:
  Bailey: 1468 daAuts
     D:5: 1365 daAuts
     D:7: 1313 daAuts
     D:3: 1260 daAuts
     D:4: 1184 daAuts
     D:6: 840 daAuts
     D:8: 750 daAuts
     D:2: 384 daAuts
 Abyss:2: 338 daAuts
     D:1: 323 daAuts
  Temple: 1 daAuts
